 Dungeon Crawl Stone Soup version 0.31-a0-1068-g5939ac1fb6 (webtiles) character file.

Game seed: 17497807053413037382

391 Maratek the Trooper (level 6, -6/45 (49) HPs)
             Began as a Demonspawn Fighter on Nov 24, 2023.
             Was a Believer of Dithmenos.
             Mangled by a wight
             ... wielding a +4 morningstar
              (14 damage)
             ... on level 5 of the Dungeon.
             The game lasted 00:05:44 (3331 turns).

Maratek the Trooper (Demonspawn Fighter)            Turns: 3331, Time: 00:05:45

HP:   -6/45 (49)    AC: 17    Str: 17    XL:     6   Next: 50%
MP:   6/6           EV:  4    Int:  9    God:    Dithmenos [**....]
Gold: 889           SH:  5    Dex: 14    Spells: 5/5 levels left

rFire   + . .        a - +0 long sword (heavy)
rCold   . . .        c - +0 buckler
rNeg    . . .        f - +1 plate armour {rF+}
rPois   .            (no helmet)
rElec   .            l - +1 cloak {Stlth+}
rCorr   .            (no gloves)
SInv    .            (no boots)
Will    .....        m - amulet of regeneration Stlth
                     (no ring)
HPRegen 1.07/turn    (no ring)
MPRegen 0.10/turn

%: no passive effects
@: mighty, wreathed by umbra, drained
A: hooves 2, molten scales 1, demonic magic 1
a: Renounce Religion, Shadow Step


You were on level 5 of the Dungeon.
You worshipped Dithmenos.
Dithmenos was pleased with you.
You visited 1 branch of the dungeon, and saw 5 of its levels.

You collected 1274 gold pieces.
You spent 385 gold pieces at shops.

Inventory:

Hand Weapons
 a - a +0 heavy long sword (weapon)
Missiles
 b - a throwing net
Armour
 c - a +0 buckler (worn)
 f - a +1 plate armour of fire resistance (worn)
 l - a +1 cloak of stealth (worn)
Jewellery
 m - an amulet of regeneration (around neck)
Wands
 k - a wand of polymorph (15)
Scrolls
 g - 4 scrolls of teleportation
 p - a scroll of amnesia
Potions
 e - 3 potions of heal wounds
 h - a potion of brilliance
 i - 2 potions of curing {unknown}
 j - 2 potions of mutation {unknown}
 n - a potion of cancellation {unknown}
 o - 2 potions of degeneration {unknown}


   Skills:
 * Level 4.4 Fighting
 * Level 3.4 Long Blades
 * Level 4.1 Armour
 * Level 4.0 Shields


You had 5 spell levels left.
You didn't know any spells.
Your spell library contained the following spells:

 Spells                   Type           Power      Damage    Failure   Level
 Momentum Strike          Conj/Tloc      0%         3d8       100%        2
 Inner Flame              Hex/Fire       0%         N/A       100%        3
 Dispel Undead            Necr           0%         3d6       100%        4
 Flame Wave               Conj/Fire      0%         2d4       100%        4
 Sticky Flame             Conj/Fire      0%         2d3       100%        4


Dungeon Overview and Level Annotations

Branches:
Dungeon (5/15)             Temple (0/1) D:5

Altars:
Dithmenos
Vehumet
Xom

Shops:
D:1 [


Innate Abilities, Weirdness & Mutations

You have hoof-like feet.
You are partially covered in molten scales. (AC +2)
Spells you cast may paralyse adjacent enemies.


Message History

The wight hits you with a +5 mace.
The wight hits you with a +4 morningstar.
You feel drained.
The wight hits you with a +4 long sword of freezing.
The wight freezes you.
The wight hits you but does no damage. x2
You completely miss the wight. Your kick misses the wight.
The wight is lightly damaged.
The wight hits you with a +5 mace!
You feel drained. The wight barely misses you.
The wight hits you with a +4 morningstar.
Unknown command.
You are too injured to fight recklessly!
Unknown command.
You are too injured to fight recklessly!
Unknown command.
You are too injured to fight recklessly!
Unknown command.
You are too injured to fight recklessly!
You hit the wight. You kick the wight.
The wight is moderately damaged.
The wight hits you but does no damage.
The wight hits you with a +4 long sword of freezing!
* * * LOW HITPOINT WARNING * * *
The wight freezes you.
* * * LOW HITPOINT WARNING * * *
The wight hits you but does no damage. The wight barely misses you.
You block the wight's attack. x2
You feel very mighty all of a sudden. The wight hits you with a +5 mace.
* * * LOW HITPOINT WARNING * * *
The wight hits you but does no damage. x2
You slice the wight!!
You destroy the wight!
Dithmenos accepts your kill. The wight hits you with a +5 mace.
* * * LOW HITPOINT WARNING * * *
You feel drained.
* * * LOW HITPOINT WARNING * * *
The wight hits you with a +4 morningstar!
You die...

#..........#
#..........#
#..........#
#..........###
##..?........
#..........###
#.....)zz....#
#......@...>.##
#..............
#........⌠.⌠.⌠.
##..><...8.8.8.
#..)..........
#...######....
#... ###. #...
#...


You could see 2 wights.

Vanquished Creatures
  An ogre (D:4)
  A wight (D:5)
  2 hounds (D:4)
  Jessica (D:2)
  Terence (D:2)
  2 sleepcaps
  5 gnolls
  2 adders
  2 dart slugs
  4 orcs (D:3)
  3 endoplasms
  5 giant cockroaches
  7 goblins
  7 hobgoblins
  5 jackals
  A quokka (D:2)
  8 ball pythons
  4 bats
  A frilled lizard (D:2)
  12 kobolds
  4 rats
  A butterfly (D:3)
79 creatures vanquished.

Notes
Turn   | Place    | Note
-------+----------+-------------------------------------------
     0 | D:1      | Maratek the Demonspawn Fighter began the quest for the Orb.
     0 | D:1      | Reached XP level 1. HP: 18/18 MP: 1/1
   264 | D:1      | Gained mutation: You have large cloven feet. [demonic
                  | ancestry]
   264 | D:1      | Reached XP level 2. HP: 24/24 MP: 2/2
   845 | D:1      | Found Estaeruq's Armour Emporium.
   978 | D:2      | Noticed Jessica
   979 | D:2      | Killed Jessica
   980 | D:2      | Gained mutation: You are partially covered in molten
                  | scales. (AC +2) [demonic ancestry]
   980 | D:2      | Reached XP level 3. HP: 29/29 MP: 3/3
  1033 | D:2      | Found a faded altar of an unknown god.
  1107 | D:2      | Noticed Terence
  1123 | D:2      | Killed Terence
  1124 | D:2      | Reached XP level 4. HP: 4/36 MP: 4/4
  1638 | D:2      | Got the Omnibus of the Spectral Impact
  1907 | D:2      | Prayed at the altar of an unknown god.
  1907 | D:2      | Became a worshipper of Dithmenos the Shadowed
  1907 | D:2      | Reached * piety under Dithmenos
  1987 | D:3      | Found a radiant altar of Vehumet.
  2029 | D:3      | Found a shimmering altar of Xom.
  2179 | D:3      | Gained mutation: Spells you cast may paralyse adjacent
                  | enemies. [demonic ancestry]
  2179 | D:3      | Reached XP level 5. HP: 42/42 MP: 5/5
  2406 | D:3      | Identified a scroll of acquirement
  2406 | D:3      | Acquired 1109 gold pieces
  2620 | D:1      | Bought a +1 plate armour of fire resistance for 385 gold
                  | pieces
  2682 | D:4      | Identified the +1 short sword of Painful Death {heavy,
                  | rCorr Int-2 SInv}
  2997 | D:4      | Gained mutation: You have hoof-like feet. [demonic
                  | ancestry]
  2997 | D:4      | Reached XP level 6. HP: 48/48 MP: 6/6
  3165 | D:4      | Reached ** piety under Dithmenos
  3323 | D:5      | Entered Level 5 of the Dungeon
  3323 | D:5      | Found a staircase to the Ecumenical Temple.
  3331 | D:5      | Mangled by a wight

Illustrated notes

Levels and vault maps discovered:
D:1:      roadster_arrival_rocket_small, layout_loops_corners, serial_shops,
          nicolae_shop_statue_plus, kennysheep_pointless_box
D:2:      kennysheep_big_flooded_room, layout_loops_ring,
          shapermc_ecumenical_altar_starsandcircs, uniq_jessica, uniq_terence
D:3:      layout_rooms, vehumet_crystals, xom_butterflies, hellmonk_no_cap
D:4:      layout_loops_ring, minmay_statues_item
D:5:      layout_rooms, gammafunk_temple_overflow_statue,
          minmay_temple_entry_drinking_statues, serial_shops,
          nicolae_shop_gaudy_bauble, hangedman_abyss_or_decor_stabs,
          hangedman_abyss_or_decor_slice, due_unseen_surprise

Skill      XL: |  1  2  3  4  5  6 |
---------------+-------------------+-----
Long Blades    | 2 3 |  3.4
Armour         | 3 4 |  4.1
Shields        | 3 4 |  4.0
Fighting       | 4 |  4.4

Action                     |  1- 3 |  4- 6 || total
---------------------------+-------+-------++-------
  Melee: Long sword        |    87 |   138 ||   225
         Kick              |    13 |    37 ||    50
    Use: Scroll            |     3 |     8 ||    11
         Potion            |       |     1 ||     1
 Armour: Scale mail        |    71 |    62 ||   133
         Plate armour      |       |    94 ||    94
  Dodge: Dodged            |    43 |    69 ||   112
  Block: Buckler           |    23 |    46 ||    69

Table legend: (Time is in decaauts)
 A = Elapsed time spent in this place.
 B = Non-inter-level travel time spent in this place.
 C = Inter-level travel time spent in this place.
 D = Time resting spent in this place.
 E = Time spent auto-exploring this place.
 F = Levels seen in this place.
 G = Mean time per level.
                   A        B        C        D        E       F      G
               +--------+--------+--------+--------+--------+-----+--------+
         Total |   3402 |   3029 |    373 |      0 |   2480 |   5 |  680.4 |
       Dungeon |   3402 |   3029 |    373 |      0 |   2480 |   5 |  680.4 |
               +--------+--------+--------+--------+--------+-----+--------+

Top non-repeatable levels by time:
     D:1: 1180 daAuts
     D:2: 1048 daAuts
     D:4: 670 daAuts
     D:3: 492 daAuts
     D:5: 10 daAuts
